AoeStats
← Chiripa605

Pilgrims

508534686Analyzed
4v4 RM · 8d ago on Sep 22, 2026· 24m 3s· 8 players
Game mode
Random Map
Map size
Large (8 player)
Population
200
Speed
Normal
Resources
Standard
Victory
Conquest
Starting age
Dark Age
Ending age
Imperial Age
RankedLock teamsTeams togetherTeam positionsShared explorationLock speedFull tech treeHidden civsTurbo modeCheats
Victory
Defeat
🇵🇪 Inca · Peru
1378
+16
🇺🇸 Sicilians · United States
1375
+16
🇭🇺 Vikings · Hungary
1370
+16
🇺🇸 Varangians · United States
1344
+17
🇺🇸 Burmese · United States
1456
-19
🇨🇳 Mongols · China
1370
-16
🇬🇷 Portuguese · Greece
1337
-15
🇲🇽 Saxons · Mexico
1329
-15
Chiripa605
4:20 Loom
11:09 Feudal Age
11:54 Double-Bit Axe
18:25 Castle Age
19:23 Medium Warships
19:57 Bow Saw
21:53 Scale Mail Armor
22:25 Careening
22:26 Clinker Construction
23:07 Chain Mail Armor
24:07 Wheelbarrow
BlueIce
9:18 Loom
11:21 Feudal Age
11:58 Double-Bit Axe
15:24 Bloodlines
25:54 Castle Age
León Sin Melena
6:21 Loom
8:28 Feudal Age
17:05 Castle Age
16:03 Forging
15:55 Scale Mail Armor
15:52 Town Watch
16:11 Double-Bit Axe
17:28 Fletching
17:36 Crossbowman
19:26 Gold Mining
20:19 Bodkin Arrow
21:51 Wheelbarrow
23:08 Bow Saw
Uporcpine
11:55 Feudal Age
12:56 Loom
16:36 Castle Age
14:36 Fishing Lines
14:54 Fletching
17:08 Double-Bit Axe
17:46 Bodkin Arrow
19:56 Crossbowman
21:51 Padded Archer Armor
BobBobkins
13:16 Feudal Age
15:00 Fletching
17:34 Fishing Lines
20:40 Castle Age
20:40 Loom
21:32 Wheelbarrow
21:49 Bodkin Arrow
derschulerin
4:57 Loom
12:43 Feudal Age
13:22 Man-at-Arms
13:55 Double-Bit Axe
24:08 Castle Age
23:22 Horse Collar
23:36 Gold Mining
23:55 Fletching
Zzulu
11:22 Feudal Age
11:48 Fishing Lines
14:10 Fletching
17:26 Castle Age
15:18 Double-Bit Axe
17:45 Loom
19:19 Medium Warships
19:17 Bodkin Arrow
19:23 Gillnets
20:23 Bow Saw
23:35 Imperial Age
牛比无极限
4:54 Loom
11:28 Feudal Age
16:16 Castle Age
14:07 Double-Bit Axe
17:15 Wheelbarrow
17:36 Bow Saw
17:21 Fletching
18:25 Bodkin Arrow
21:27 Ballistics
22:08 Padded Archer Armor
23:48 Horse Collar
Connection lost

Rejoining the realm…

Still unreachable

The connection could not be restored.

Session expired

The server has moved on; the page needs a fresh start.